 Dungeon Crawl Stone Soup version 0.28.0-43-g3370ac3207 (webtiles) character file.

Game seed: 12989152165597048972

2942 Kaptain the Magician (level 9, -3/66 HPs)
             Began as a Gnoll Earth Elementalist on Mar 5, 2022.
             Slain by a spriggan
             ... wielding a +0 trident
              (6 damage)
             ... in a bailey.
             The game lasted 00:16:48 (7682 turns).

Kaptain the Magician (Gnoll Earth Elementalist)     Turns: 7682, Time: 00:16:48

Health: -3/66      AC: 11    Str:  8    XL:     9   Next: 80%
Magic:  19/19      EV: 14    Int: 19    God:
Gold:   267        SH:  0    Dex: 14    Spells: 14/21 levels left

rFire   . . .      SeeInvis .   l - +4 morningstar (protect)
rCold   . . .      Faith    .   (no shield)
rNeg    . . .      Spirit   .   k - +0 leather armour
rPois   .          Reflect  .   (no helmet)
rElec   .          Harm     .   D - +0 cloak
rCorr   .          Rampage  .   (no gloves)
Will    .....                   G - +1 pair of boots
Stlth   +++.......              (no amulet)
HPRegen 0.21/turn               d - ring of wizardry
MPRegen 0.16/turn               C - +4 ring of protection

@: no status effects
A: fangs 1, strong nose, distributed training, hooves 1, agile 1
a: no special abilities


You were in a bailey.
You visited 2 branches of the dungeon, and saw 8 of its levels.
You also visited: Bailey.

You collected 267 gold pieces.

Inventory:

Hand Weapons
 h - a +0 quarterstaff
 l - a +4 morningstar of protection (weapon)
 m - a +0 trident
 n - a +0 hunting sling
 K - a +1 rapier of freezing
Missiles
 c - 101 stones
 e - 3 poisoned darts (quivered)
 q - 86 bolts
 t - 23 sling bullets
 y - 3 boomerangs
Armour
 k - a +0 leather armour (worn)
 w - a +0 kite shield
 D - a +0 cloak (worn)
 G - a +1 pair of boots (worn)
Jewellery
 d - a ring of wizardry (left hand)
 C - a +4 ring of protection (right hand)
 L - a ring of resist corrosion
Wands
 j - a wand of acid (10)
 I - a wand of paralysis (6)
Scrolls
 i - a scroll of immolation {unknown}
 o - a scroll of teleportation {unknown}
 p - 2 scrolls of holy word {unknown}
 s - a scroll of amnesia {unknown}
 u - a scroll of blinking {unknown}
 v - a scroll of fear {unknown}
 B - 3 scrolls of identify
 E - a scroll of magic mapping {unknown}
 F - 2 scrolls of fog {unknown}
Potions
 a - 3 potions of brilliance
 b - a potion of curing {unknown}
 f - a potion of might
 g - a potion of flight
 r - a potion of cancellation {unknown}
 x - a potion of invisibility {unknown}
 z - a potion of degeneration {unknown}
 A - 2 potions of mutation
 H - a potion of lignification {unknown}
 J - a potion of magic


   Skills:
 + Level 4.6 Fighting
 + Level 4.6 Short Blades
 + Level 4.6 Long Blades
 + Level 4.6 Axes
 + Level 4.6 Maces & Flails
 + Level 4.6 Polearms
 + Level 4.6 Staves
 + Level 4.6 Slings
 + Level 4.6 Bows
 + Level 4.6 Crossbows
 + Level 4.6 Throwing
 + Level 4.6 Armour
 + Level 6.5 Dodging
 + Level 6.3 Stealth
 + Level 4.6 Shields
 + Level 4.6 Unarmed Combat
 + Level 6.9 Spellcasting
 + Level 3.8 Conjurations
 + Level 3.8 Hexes
 + Level 3.8 Summonings
 + Level 3.8 Necromancy
 + Level 3.8 Translocations
 + Level 4.4 Transmutations
 + Level 3.8 Fire Magic
 + Level 3.8 Ice Magic
 + Level 3.8 Air Magic
 + Level 6.7 Earth Magic
 + Level 3.8 Poison Magic
 + Level 5.0 Invocations
 + Level 4.6 Evocations


You had 14 spell levels left.
You knew the following spells:

 Your Spells              Type           Power      Damage    Failure   Level
a - Sandblast             Erth           64%        2d14      1%          1
b - Stone Arrow           Conj/Erth      52%        3d10      1%          3
c - Mephitic Cloud        Conj/Pois/Air  21%        N/A       3%          3

Your spell library contained the following spells:

 Spells                   Type           Power      Damage    Failure   Level
 Ensorcelled Hibernation  Hex/Ice        42%        N/A       1%          2
 Passwall                 Tmut/Erth      22%        N/A       1%          2
 Ignite Poison            Fire/Tmut/Pois 21%        N/A       3%          3
 Spider Form              Tmut/Pois      22%        N/A       3%          3
 Petrify                  Tmut/Erth      27%        N/A       6%          4
 Anguish                  Hex/Necr       10%        N/A       12%         4
 Freezing Cloud           Conj/Ice/Air   10%        6-21      32%         5


Dungeon Overview and Level Annotations

Branches:
Dungeon (7/15)             Temple (1/1) D:5          Bailey (1/1)

Altars:
Cheibriados
Dithmenos
Fedhas
Hepliaklqana
Kikubaaqudgha
Makhleb
Nemelex Xobeh
Okawaru
Sif Muna
Trog
Uskayaw
Xom
Yredelemnul
Zin

Annotations:
D:3 1 runed translucent door, Zero0's ghost, amateur HOFi


Innate Abilities, Weirdness & Mutations

You have very sharp teeth.
Your uncanny sense of smell can sniff out nearby items.
Your experience applies equally to all skills.
You have large cloven feet.
You are agile. (Dex +2)


Message History

Press: ? - help, Shift-Dir - straight line, f/p - two-headed ogre
Aim: a two-headed ogre, wielding a +0 glaive and a +0 halberd (moderately wounded, 86% to hit)
The stone arrow hits the two-headed ogre!
The two-headed ogre is heavily wounded.
Unknown command.
Okay, then.
You see here a +0 whip of flaming.
Casting: Stone Arrow (safe; 1% risk of failure)
Confirm with . or Enter, or press ? or * to list all spells.
Aiming: Stone Arrow (safe; 1% risk of failure)
Press: ? - help, Shift-Dir - straight line, f/p - two-headed ogre
Aim: a two-headed ogre, wielding a +0 glaive and a +0 halberd (heavily wounded, 86% to hit)
The stone arrow hits the two-headed ogre!!
The two-headed ogre is almost dead.
The two-headed ogre hits you from afar with a +0 glaive.
* * * LOW HITPOINT WARNING * * *
The two-headed ogre barely misses you.
A spriggan comes into view. It is wielding a +0 trident.
The spriggan hits you from afar with a +0 trident!
* * * LOW HITPOINT WARNING * * *
The spriggan hits you from afar with a +0 trident.
* * * LOW HITPOINT WARNING * * *
A spriggan comes into view. It is wielding a +4 dagger of venom.
The spriggan splashes around in the water.
The spriggan hits you from afar with a +0 trident.
* * * LOW HITPOINT WARNING * * *
The spriggan hits you but does no damage.
The spriggan drinks a potion.
The spriggan seems to grow stronger.
You see here a poisoned dart.
It was a potion of mutation.
You feel extremely strange.
You feel agile.
Your feet thicken and deform.
The spriggan barely misses you.
The spriggan hits you from afar with a +0 trident.
* * * LOW HITPOINT WARNING * * *
The spriggan hits you with a +4 dagger of venom.
* * * LOW HITPOINT WARNING * * *
You see here a poisoned dart.
It was a potion of magic.
Magic courses through your body.
The spriggan hits you from afar with a +0 trident.
You die...

#########
##.......##
##.........##
##....≈≈≈....##
##..####≈♣###..##
##..## ..... ##(.##
#.)♣♣..♣♣♣♣♣..##Oi#
#..# . ∆ . ♣i.#
#..# ∆ ♣@.# #..# ∆
#..# #..♣ #..# #(.♣
♣(.# #..#♣ ♣#..#
##.)## ##..##
##..#♣ ##).##
##).####♣#♣O.##
##......)..##


You could see a two-headed ogre and 2 spriggans.

Vanquished Creatures
  A kobold demonologist (D:6)
  3 spriggans (Bailey)
  An acid dragon (Bailey)
  A sky beast (D:6)
  An orc warrior (D:6)
  An ice beast (D:6)
  2 black bears
  4 ogres
  A phantom (D:5)
  A bullfrog (D:6)
  A gnoll sergeant (D:7)
  3 scorpions
  A water moccasin zombie (D:5)
  2 howler monkeys
  5 hounds
  A centaur zombie (D:6)
  4 orc priests
  A centaur skeleton (D:6)
  A jelly (D:6)
  A bullfrog skeleton (D:5)
  3 iguanas
  Ijyb (D:5)
  2 orc wizards (D:6)
  3 hound skeletons (D:4)
  A hound zombie (D:5)
  8 gnolls
  A howler monkey skeleton (D:4)
  6 adders
  2 shadow imps
  2 ufetubi (D:5)
  An adder skeleton (D:5)
  3 dart slugs
  15 orcs
  9 ball pythons
  2 bats
  5 endoplasms
  3 giant cockroaches
  4 goblins
  5 hobgoblins
  4 jackals
  A quokka (D:2)
  2 frilled lizards (D:1)
  11 kobolds
  3 rats
133 creatures vanquished.

Notes
Turn   | Place    | Note
-------+----------+-------------------------------------------
     0 | D:1      | Kaptain the Gnoll Earth Elementalist began the quest for
                  | the Orb.
     0 | D:1      | Reached XP level 1. HP: 13/13 MP: 6/6
   155 | D:1      | Reached XP level 2. HP: 19/19 MP: 4/7
   615 | D:1      | Reached XP level 3. HP: 23/25 MP: 5/9
   954 | D:2      | Reached skill level 5 in Spellcasting
   983 | D:2      | Learned a level 3 spell: Stone Arrow
  1519 | D:2      | Reached skill level 1 in Invocations
  1794 | D:3      | Found a faded altar of an unknown god.
  1936 | D:3      | Noticed Zero0's ghost (amateur HOFi)
  2125 | D:3      | Found a runed translucent door.
  2156 | D:3      | Reached skill level 1 in Fighting
  2156 | D:3      | Reached skill level 1 in Short Blades
  2156 | D:3      | Reached skill level 1 in Long Blades
  2156 | D:3      | Reached skill level 1 in Axes
  2156 | D:3      | Reached skill level 1 in Maces & Flails
  2156 | D:3      | Reached skill level 1 in Polearms
  2156 | D:3      | Reached skill level 1 in Staves
  2156 | D:3      | Reached skill level 1 in Slings
  2156 | D:3      | Reached skill level 1 in Bows
  2156 | D:3      | Reached skill level 1 in Crossbows
  2156 | D:3      | Reached skill level 1 in Throwing
  2156 | D:3      | Reached skill level 1 in Armour
  2156 | D:3      | Reached skill level 1 in Shields
  2156 | D:3      | Reached skill level 1 in Unarmed Combat
  2156 | D:3      | Reached skill level 1 in Evocations
  2158 | D:3      | Reached XP level 4. HP: 32/32 MP: 6/11
  2348 | D:3      | Reached skill level 1 in Conjurations
  2348 | D:3      | Reached skill level 1 in Hexes
  2348 | D:3      | Reached skill level 1 in Summonings
  2348 | D:3      | Reached skill level 1 in Necromancy
  2348 | D:3      | Reached skill level 1 in Translocations
  2348 | D:3      | Reached skill level 1 in Fire Magic
  2348 | D:3      | Reached skill level 1 in Ice Magic
  2348 | D:3      | Reached skill level 1 in Air Magic
  2348 | D:3      | Reached skill level 1 in Poison Magic
  2519 | D:4      | Noticed a scorpion
  2520 | D:4      | Killed a scorpion
  2521 | D:4      | Reached XP level 5. HP: 37/37 MP: 8/12
  2872 | D:4      | Reached XP level 6. HP: 44/44 MP: 5/13
  3019 | D:4      | Reached skill level 5 in Dodging
  3561 | D:4      | Reached XP level 7. HP: 44/50 MP: 10/15
  3998 | D:5      | Entered Level 5 of the Dungeon
  4215 | D:5      | Found a staircase to the Ecumenical Temple.
  4221 | Temple   | Entered the Ecumenical Temple
  4827 | D:5      | Reached skill level 5 in Stealth
  4974 | D:5      | Learned a level 3 spell: Mephitic Cloud
  5025 | D:5      | Reached XP level 8. HP: 47/57 MP: 11/16
  5088 | D:5      | Noticed Ijyb
  5093 | D:5      | Paralysed by Ijyb for 6 turns
  5101 | D:5      | Killed Ijyb
  5580 | D:6      | Noticed a kobold demonologist
  5769 | D:6      | Killed a kobold demonologist
  6325 | D:6      | Reached XP level 9. HP: 65/65 MP: 7/18
  7239 | D:7      | Found a flagged portal.
  7248 | Bailey   | Entered a bailey
  7504 | Bailey   | Noticed a two-headed ogre
  7629 | Bailey   | Reached skill level 5 in Invocations
  7680 | Bailey   | Gained mutation: You are agile. (Dex +2) [potion of
                  | mutation]
  7680 | Bailey   | Gained mutation: You have large cloven feet. [potion of
                  | mutation]
  7681 | Bailey   | HP: 3/66 [spriggan/+4 dagger of venom (1)]
  7682 | Bailey   | Slain by a spriggan

Illustrated notes

Levels and vault maps discovered:
D:1:      wander_arrival_fairy_ring, layout_basic
D:2:      layout_loops_ring, grunt_ministairs_10, minivault_24,
          kennysheep_cluttered_room
D:3:      layout_loops_ring, shapermc_ecumenical_altar_mp_vishouse,
          hellmonk_ghost_happy_afterlife
D:4:      minmay_door_path, layout_loops_ring, nicolae_zen_rock_garden
D:5:      layout_basic, temple_green, uniq_ijyb
D:6:      layout_cave_pools
D:7:      lemuel_ratsnest, layout_loops_ring, enter_bailey_2,
          chequers_serial_rivers_marsh, kennysheep_path_1
Temple:   minmay_temple_curvy_branch
Bailey:   bailey_polearm_enchanted_keep_hellmonk, bailey

Skill      XL: |  1  2  3  4  5  6  7  8  9 |
---------------+----------------------------+-----
Transmutations | 2 3 4 |  4.4
Spellcasting   | 5 6 |  6.9
Invocations    | 1 2 3 4 5 |  5.0
Fighting       | 1 2 3 4 |  4.6
Short Blades   | 1 2 3 4 |  4.6
Long Blades    | 1 2 3 4 |  4.6
Axes           | 1 2 3 4 |  4.6
Maces & Flails | 1 2 3 4 |  4.6
Polearms       | 1 2 3 4 |  4.6
Staves         | 1 2 3 4 |  4.6
Slings         | 1 2 3 4 |  4.6
Bows           | 1 2 3 4 |  4.6
Crossbows      | 1 2 3 4 |  4.6
Throwing       | 1 2 3 4 |  4.6
Armour         | 1 2 3 4 |  4.6
Shields        | 1 2 3 4 |  4.6
Unarmed Combat | 1 2 3 4 |  4.6
Evocations     | 1 2 3 4 |  4.6
Conjurations   | 1 2 3 |  3.8
Hexes          | 1 2 3 |  3.8
Summonings     | 1 2 3 |  3.8
Necromancy     | 1 2 3 |  3.8
Translocations | 1 2 3 |  3.8
Fire Magic     | 1 2 3 |  3.8
Ice Magic      | 1 2 3 |  3.8
Air Magic      | 1 2 3 |  3.8
Poison Magic   | 1 2 3 |  3.8
Dodging        | 5 6 |  6.5
Stealth        | 5 6 |  6.3
Earth Magic    | 6 |  6.7

Action                   |  1- 3 |  4- 6 |  7- 9 || total
-------------------------+-------+-------+-------++-------
Melee: Quarterstaff      |     9 |       |       ||     9
       Unarmed           |     1 |       |       ||     1
       Short sword       |    12 |    10 |    33 ||    55
       Bite              |     2 |     1 |     2 ||     5
       Morningstar       |       |       |    11 ||    11
Throw: Dart              |     4 |       |    14 ||    18
 Cast: Sandblast         |    34 |    20 |    75 ||   129
       Stone Arrow       |       |    25 |    72 ||    97
Evoke: Wand              |       |       |     1 ||     1
  Use: Scroll            |     4 |       |       ||     4
       Potion            |       |       |     4 ||     4
 Stab: Sleeping          |     3 |       |       ||     3
       Paralysed         |       |       |     2 ||     2
Armor: Robe              |     4 |       |       ||     4
       Leather armour    |     1 |     5 |    48 ||    54
Dodge: Dodged            |    26 |     5 |   105 ||   136
